 Dungeon Crawl Stone Soup version 0.29.0-4-gdea44cf6ec (webtiles) character file.

Game seed: 6038197194470448169

61 qw the Ruffian (level 4, 0/35 HPs)
             Began as a Ghoul Fire Elementalist on Aug 29, 2022.
             Slain by an orc
             ... wielding a +0 hand axe
              (3 damage)
             ... on level 2 of the Dungeon.
             The game lasted 00:00:54 (1383 turns).

qw the Ruffian (Ghoul Fire Elementalist)            Turns: 1383, Time: 00:00:55

Health: 0/35       AC:  2    Str: 13    XL:     4   Next: 7%
Magic:  5/5        EV: 12    Int: 10    God:
Gold:   5          SH:  0    Dex:  9    Spells: 5/6 levels left

rFire   . . .      SeeInvis .     - Unarmed
rCold   + . .      Faith    .   (no shield)
rNeg    + + +      Spirit   .   a - +0 robe
rPois   inf        Reflect  .   (no helmet)
rElec   .          Harm     .   (no cloak)
rCorr   .          Rampage  .   (no gloves)
Will    .....                   (no boots)
Stlth   ++........              (no amulet)
HPRegen 0.00/turn               (no ring)
MPRegen 0.09/turn               (no ring)

@: inhibited regen
A: claws 1, cold resistance 1, negative energy resistance 3, inhibited
regeneration, torment resistance 2, devour on kill
a: no special abilities


You were on level 2 of the Dungeon.
You visited 1 branch of the dungeon, and saw 2 of its levels.

You collected 5 gold pieces.


Innate Abilities, Weirdness & Mutations

You are immune to poison.
You have sharp fingernails.
Your flesh is cold resistant. (rC+)
You are immune to negative energy. (rN+++)
You do not regenerate when monsters are visible.
You are immune to unholy pain and torment.
You thrive by killing the living.


   Skills:
 - Level 1.0 Fighting
 - Level 1.7 Dodging
 - Level 2.1 Stealth
 + Level 3.6 Unarmed Combat
 - Level 1.7 Spellcasting
 - Level 0.7 Conjurations
 - Level 2.4 Fire Magic


You had 5 spell levels left.
You knew the following spells:

 Your Spells              Type           Power      Damage    Failure   Level
a - Foxfire               Conj/Fire      16%        2x1d4     17%         1

Your spell library contained the following spells:

 Spells                   Type           Power      Damage    Failure   Level
 Scorch                   Fire           10%        2d6       19%         2
 Conjure Flame            Conj/Fire      4%         6-21      45%         3
 Inner Flame              Hex/Fire       3%         N/A       52%         3
 Flame Wave               Conj/Fire      4%         2d5       86%         4

Inventory:

Armour
 a - a +0 robe (worn)
 g - a +0 pair of boots
 h - a scarf of resistance
 i - a +0 leather armour
Scrolls
 c - a scroll of identify {unknown}
 f - 3 scrolls of acquirement {unknown}
Potions
 b - a potion of magic
 d - a potion of curing {unknown}
 e - a potion of heal wounds {unknown}
 j - a potion of berserk rage {unknown}
 k - a potion of lignification {unknown}

Dungeon Overview and Level Annotations

Branches:
Dungeon (2/15)

Altars:

Annotations:
D:2 Terence


Message History

Terence the Incautious comes into view.
He is wielding a +0 short sword and wearing a +0 chain mail of cold resistance.
The jackal barks!
You scratch the orc.
The orc is severely wounded.
The orc hits you but does no damage. The orc hits you with a +0 hand axe.
The orc wizard hits you with a +0 dagger.
You claw the orc wizard!
You kill the orc wizard!
The orc closely misses you. The orc completely misses you.
The jackal bites you.
Your Unarmed Combat skill increases to level 3!
The orc attacks as you move away! The orc barely misses you.
You miss the jackal. Your claw misses the jackal.
You feel less confused. The jackal bites you. x2
You barely miss the jackal. Your claw misses the jackal. The jackal bites you.
You barely miss the jackal. The jackal bites you.
You scratch the jackal.
You kill the jackal!
You scratch the orc.
The orc is severely wounded.
The orc closely misses you.
You scratch the orc.
You kill the orc!
You claw the orc!
You kill the orc!
You have reached level 4!
You claw the jackal!
You kill the jackal!
You feel better.
You closely miss the orc.
The orc is severely wounded.
The orc hits you with a +0 hand axe.
You scratch the orc.
You kill the orc!
You feel better.
You closely miss the orc. The orc hits you with a +0 hand axe.
You die...

....... .......
@..... ....# # ###
....#.. #.# .......
#.########)..# ##.
#.......@o@..##+#..
#.########........#
#### #.# .........#
#..# #.# #.......#
#..# #.# #.......#
#..# #.# #.......#
#..# #.# #...)...#
#..# ##.###
#.###'#.# #..#
#....# #.###.#.#
#.##


You could see Terence and an orc.

Vanquished Creatures
  An orc wizard (D:2)
  An adder (D:2)
  A dart slug (D:1)
  3 orcs (D:2)
  3 ball pythons (D:1)
  An endoplasm (D:1)
  A giant cockroach (D:1)
  A hobgoblin (D:1)
  2 jackals (D:2)
  2 kobolds (D:1)
  2 bats (D:1)
  A frilled lizard (D:1)
  2 goblins (D:1)
  3 rats
24 creatures vanquished.

Notes
Turn   | Place    | Note
-------+----------+-------------------------------------------
     0 | D:1      | qw the Ghoul Fire Elementalist began the quest for the Orb.
     0 | D:1      | Reached XP level 1. HP: 14/14 MP: 2/2
     0 | D:1      | 0 ||| qw: Version: 0.1-a-90-g952f4b7
     0 | D:1      | 0 ||| qw: Game counter: 4243
     0 | D:1      | 0 ||| qw: Always use a shield: true
     0 | D:1      | 0 ||| qw: God list: Okawaru
     0 | D:1      | 0 ||| qw: Allow faded altars: false
     0 | D:1      | 0 ||| qw: Do Orc after D:15 true
     0 | D:1      | 0 ||| qw: Do second Lair branch before Depths: true
     0 | D:1      | 0 ||| qw: Lair rune preference: random
     0 | D:1      | 0 ||| qw: Plans: Normal
     0 | D:1      | 0 ||| PLANNING D:1-11
    38 | D:1      | 38 ||| Stepping ~*~*~tactically~*~*~ (hiding).
   140 | D:1      | 140 ||| Stepping ~*~*~tactically~*~*~ (hiding).
   242 | D:1      | 242 ||| Stepping ~*~*~tactically~*~*~ (hiding).
   344 | D:1      | 344 ||| Stepping ~*~*~tactically~*~*~ (hiding).
   446 | D:1      | 446 ||| Stepping ~*~*~tactically~*~*~ (hiding).
   548 | D:1      | 548 ||| Stepping ~*~*~tactically~*~*~ (hiding).
   650 | D:1      | 650 ||| Stepping ~*~*~tactically~*~*~ (hiding).
   752 | D:1      | 752 ||| Stepping ~*~*~tactically~*~*~ (hiding).
   854 | D:1      | 854 ||| Stepping ~*~*~tactically~*~*~ (stealth).
   858 | D:1      | 858 ||| Stepping ~*~*~tactically~*~*~ (hiding).
   860 | D:1      | 860 ||| Stepping ~*~*~tactically~*~*~ (hiding).
   870 | D:1      | Reached skill level 1 in Unarmed Combat
  1012 | D:1      | Reached XP level 2. HP: 22/22 MP: 3/3
  1020 | D:1      | Reached skill level 1 in Fighting
  1055 | D:1      | 1055 ||| Stepping ~*~*~tactically~*~*~ (stealth).
  1059 | D:1      | 1059 ||| Stepping ~*~*~tactically~*~*~ (stealth).
  1158 | D:1      | Reached skill level 2 in Unarmed Combat
  1271 | D:1      | You fall into a shaft and drop 1 floor!
  1308 | D:2      | Reached XP level 3. HP: 28/28 MP: 4/4
  1360 | D:2      | 1360 ||| Stepping ~*~*~tactically~*~*~ (hiding).
  1369 | D:2      | Noticed Terence
  1371 | D:2      | HP: 7/28 [jackal (3)]
  1372 | D:2      | Reached skill level 3 in Unarmed Combat
  1374 | D:2      | HP: 3/28 [jackal (1)]
  1375 | D:2      | HP: 1/28 [jackal (2)]
  1380 | D:2      | Reached XP level 4. HP: 1/35 MP: 5/5
  1381 | D:2      | HP: 1/35 [orc/+0 hand axe (3)]
  1383 | D:2      | Slain by an orc

Levels and vault maps discovered:
D:1:      scummos_arrival_forest, layout_loops_ring, kennysheep_nondescript,
          minmay_lizard_king
D:2:      layout_basic, uniq_terence

Skill      XL: |  1  2  3 |
---------------+----------+-----
Unarmed Combat | 1 2 3 |  3.6
Fighting       | 1 |  1.0
Dodging        | |  1.7
Stealth        | |  2.1
Spellcasting   | |  1.7
Conjurations   | |  0.7
Fire Magic     | |  2.4

Action                   |  1- 3 |  4- 6 || total
-------------------------+-------+-------++-------
Melee: Unarmed           |    56 |     4 ||    60
Armor: Robe              |     6 |       ||     6
Dodge: Dodged            |    35 |       ||    35

Table legend:
 A = Non-vault XP
 B = Vault XP
 C = Vault XP percentage of total XP
 D = Non-vault monster count
 E = Vault monster count
 F = Vault count percentage of total count
                 A         B        C        D         E       F
            +---------+---------+-------+---------+---------+-------
      Total |      88 |       0 |   0.0 |      24 |       0 |   0.0
            +---------+---------+-------+---------+---------+-------
        D:1 |      26 |       0 |   0.0 |      16 |       0 |   0.0
        D:2 |      62 |       0 |   0.0 |       8 |       0 |   0.0
            +---------+---------+-------+---------+---------+-------
